 Dungeon Crawl Stone Soup version 0.24-a0-136-gad582e5 (webtiles) character file.

Game seed: 295350107135017988

71435 galech the Cleaver (level 14, 0/111 HPs)
             Began as a Demonspawn Fighter on Feb 28, 2019.
             Was a High Priest of Okawaru.
             Killed by divine providence
             ... invoked by a meliai
              (16 damage)
             ... on level 5 of the Lair of Beasts.
             The game lasted 00:50:23 (35479 turns).

galech the Cleaver (Demonspawn Fighter)            Turns: 35479, Time: 00:50:24

Health: 0/111      AC: 24    Str: 23    XL:     14   Next: 97%
Magic:  16/16      EV: 23    Int: 10    God:    Okawaru [*****.]
Gold:   1532       SH: 15    Dex: 13    Spells: 13/13 levels left

rFire    + . .     SeeInvis +   b - +3 hand axe of Division {flame, rF+ rN+ MR++ SInv}
rCold    + + .     Gourm    .   c - +0 shield
rNeg     + . .     Faith    .   U - +8 ring mail "Omy Secuot" {rC+ Str+5 Dex-3}
rPois    +         Spirit   .   (helmet unavailable)
rElec    .         Reflect  .   N - +1 cloak
rCorr    .         Harm     .   O - +0 pair of gloves
MR       +++..                  e - +2 pair of boots {Fly}
Stlth    ++++......             w - amulet of magic regeneration
HPRegen  0.28/turn              x - +3 ring of evasion
MPRegen  0.40/turn              i - ring of poison resistance

@: about to teleport, heroism, flying
A: antennae 3, cold resistance 1, freezing cloud immunity, sturdy frame 3
a: Heroism, Finesse, Renounce Religion, Stop Flying


You were on level 5 of the Lair of Beasts.
You worshipped Okawaru.
Okawaru was extremely pleased with you.
You were hungry.

You visited 4 branches of the dungeon, and saw 22 of its levels.
You also visited: Ossuary and Bailey.

You collected 1532 gold pieces.

Inventory:

Hand Weapons
 b - the +3 hand axe of Division (weapon) {flame, rF+ rN+ MR++ SInv}
   (You found it on level 6 of the Dungeon)

   It has been specially enchanted to burn those struck by it, causing extra
   injury to most foes and up to half again as much damage against particularly
   susceptible opponents.
   Big, fiery blades are also staple armaments of hydra-hunters.
   It protects you from fire.
   It protects you from negative energy.
   It affects your resistance to hostile enchantments.
   It lets you see invisible.
 J - a +1 broad axe of electrocution
Armour
 c - a +0 shield (worn)
 e - a +2 pair of boots of flying (worn)
 n - a +2 chain mail of poison resistance
 p - a +0 plate armour
 I - a +2 leather armour of cold resistance
 N - a +1 cloak (worn)
 O - a +0 pair of gloves (worn)
 Q - a +3 ring mail of cold resistance
 U - the +8 ring mail "Omy Secuot" (worn) {rC+ Str+5 Dex-3}
   (You found it on level 11 of the Dungeon)

   It affects your strength (+5).
   It affects your dexterity (-3).
   It protects you from cold.
 W - quicksilver dragon scales
 X - a +2 plate armour of fire resistance
Jewellery
 i - a ring of poison resistance (right hand)
 w - an amulet of magic regeneration (around neck)
 x - a +3 ring of evasion (left hand)
 G - a +3 ring of strength
 K - an uncursed ring of resist corrosion
 R - an uncursed ring of protection from fire
 T - an uncursed amulet of regeneration {unknown}
Scrolls
 a - a scroll of acquirement
 d - a scroll of identify
 g - a scroll of magic mapping
 h - 2 scrolls of enchant weapon
 j - 4 scrolls of random uselessness
 k - 4 scrolls of teleportation
 l - a scroll of fog
 m - 3 scrolls of blinking
 s - 5 scrolls of remove curse
 u - 7 scrolls of amnesia
 y - a scroll of holy word
 D - 4 scrolls of enchant armour
 M - a scroll of brand weapon
 V - a scroll of summoning
Potions
 r - 2 potions of mutation {unknown}
 t - a potion of magic
 v - 2 potions of cancellation {unknown}
 z - 4 potions of heal wounds
 A - 2 potions of lignification {unknown}
 B - 3 potions of degeneration {unknown}
 C - 6 potions of brilliance {unknown}
 F - 4 potions of flight {unknown}
 H - 4 potions of curing
 L - a potion of berserk rage {unknown}
 P - a potion of agility
 S - a potion of ambrosia {unknown}
 Y - 2 potions of might
Comestibles
 f - 31 rations
 o - 3 chunks of flesh


   Skills:
 + Level 10.9(15.9) Fighting
 + Level 14.2(19.2) Axes
 + Level 9.3(14.3) Armour
 + Level 8.2(13.2) Dodging
 + Level 4.0(9.0) Stealth
 + Level 12.4(17.4) Shields
 + Level 3.7 Invocations


You had 13 spell levels left.
You didn't know any spells.
Your spell library contained the following spells:

 Spells                   Type           Power        Failure   Level  Hunger
 Animate Skeleton         Necr           N/A          36%         1    ##.....
 Apportation              Tloc           #.....       36%         1    ##.....
 Confusing Touch          Hex            #.....       36%         1    ##.....
 Corona                   Hex            #......      36%         1    ##.....
 Summon Small Mammal      Summ           #...         36%         1    ##.....
 Call Imp                 Summ           #.......     50%         2    ###....
 Corpse Rot               Necr           N/A          50%         2    ###....
 Ensorcelled Hibernation  Hex/Ice        #.....       50%         2    ###....
 Passwall                 Tmut/Erth      #.......     50%         2    ###....
 Call Canine Familiar     Summ           #.......     75%         3    ####...
 Confuse                  Hex            #.......     75%         3    ####...
 Dazzling Spray           Conj/Hex       #.....       75%         3    ####...
 Gell's Gravitas          Tloc           #.........   75%         3    ####...
 Ignite Poison            Fire/Tmut/Pois #.......     75%         3    ####...
 Stone Arrow              Conj/Erth      #.....       75%         3    ####...
 Summon Guardian Golem    Hex/Summ       #.......     75%         3    ####...
 Tukima's Dance           Hex            #.......     75%         3    ####...
 Leda's Liquefaction      Hex/Erth       #.........   98%         4    #####..
 Petrify                  Tmut/Erth      #.......     98%         4    #####..
 Summon Ice Beast         Ice/Summ       #.......     98%         4    #####..
 Summon Lightning Spire   Summ/Air       #.......     98%         4    #####..
 Blade Hands              Tmut           #.........   100%        5    ######.
 Fireball                 Conj/Fire      #.........   100%        5    ######.
 Metabolic Englaciation   Hex/Ice        #.........   100%        5    ######.
 Summon Forest            Summ/Tloc      #.........   100%        5    ######.
 Yara's Violent Unravell  Hex/Tmut       #.........   100%        5    ######.
 Bolt of Fire             Conj/Fire      #.........   100%        6    #######
 Hydra Form               Tmut           #.........   100%        6    #######
 Statue Form              Tmut/Erth      #........    100%        6    #######
 Ring of Flames           Chrm/Fire      #.........   100%        7    #######
 Summon Hydra             Summ           #.........   100%        7    #######
 Ignition                 Fire           #.........   100%        8    #######


Dungeon Overview and Level Annotations

Branches:
Dungeon (13/15)            Temple (1/1) D:7            Lair (6/6) D:9
  Swamp (0/4) Lair:3        Snake (0/4) Lair:3        Slime (0/5) Lair:6
    Orc (2/2) D:10            Elf (0/3) Orc:2
 Vaults: D:13-14

Altars:
Ashenzari
Cheibriados
Dithmenos
Elyvilon
Fedhas
Gozag
Hepliaklqana
Kikubaaqudgha
Makhleb
Nemelex Xobeh
Okawaru
Qazlal
Ru
Sif Muna
Trog
Uskayaw
Vehumet
Wu Jian
Xom
Yredelemnul
Zin
The Shining One
Jiyva

Shops:
D:4 *   Orc:2 [*}*

Portals:
Pandemonium: Orc:2

Annotations:
D:10 exclusion: 2 oklob plants


Innate Abilities, Weirdness & Mutations

You have a pair of large antennae on your head. (SInv)
Your flesh is cold resistant. (rC+)
You are immune to freezing clouds.
Your movements are significantly less encumbered by armour. (ER -6)


Message History

The lindwurm breathes flames at you. The blast of flame hits you! You resist.
* * * LOW HITPOINT WARNING * * *
You hit the lindwurm but do no damage.
The lindwurm is severely wounded.
The lindwurm bites you but does no damage.
The lindwurm misses you. x2
You hit the lindwurm but do no damage.
The lindwurm is severely wounded.
As you read the scroll of teleportation, it crumbles to dust.
You feel strangely unstable.
The lindwurm bites you but does no damage.
The lindwurm claws you but does no damage.
The lindwurm closely misses you.
Things that are here:
a killer bee corpse x2
Items here: %% ) [ ÷÷ †††††††††† The meliai invokes the aid of its god against you.
Something smites you!
You die...

.. ###........####. .!.. { {
#.....PP.##.#. ...###
{###.....P.P#.... ..#.##
{##.#........P....
#....##{##..).#..<.#...... {
#.....# #.....#..######... {
#..#..# #.....#### ###..
#.....###.....########P#.. {
#....k#÷#@...##........###
{#.....#.##yk)##.###........P.#
# #.....###.....###
#..........# ## #..{.. #.....#
#........... .# #....y #.....#
##(.......... .# ##.... ##...##
#............ .## ##.## ##.##
##........... #.##### ###
##.......... ..#P##
#######...........


You could see a lindwurm and a meliai.

Vanquished Creatures
  2 entropy weavers (Lair:6)
  Nessos (Orc:1)
  Harold (D:9)
  Erolcha (D:9)
  A catoblepas (Lair:4)
  2 hydras (Lair:4)
  A merfolk avatar (Lair:6)
  2 two-headed ogres
  3 death yaks
  2 tengu warriors (D:11)
  8 orc high priests (Orc:2)
  A queen ant (Lair:6)
  2 unseen horrors
  A gelid demonspawn (Orc:2)
  7 orc knights
  A harpy (Lair:6)
  6 orc sorcerers (Orc:2)
  2 oklob plants (Lair:1)
  2 cyclopes
  A manticore (Lair:6)
  12 elephants
  Maurice (D:9)
  A rust devil (Orc:2)
  2 black mambas
  A torpor snail (Lair:2)
  10 spiny frogs
  8 komodo dragons
  6 rime drakes
  3 red devils (Orc:2)
  4 trolls
  A hornet (Lair:6)
  2 meliai (Lair:5)
  A polar bear (Lair:6)
  A wind drake (Lair:6)
  A tyrant leech (Lair:3)
  Prince Ribbit (D:6)
  8 blink frogs
  6 hippogriffs
  2 vampires
  5 wyverns
  Sigmund (D:3)
  A shadow (D:11)
  A spriggan (D:8)
  2 basilisks
  A wraith (D:10)
  27 yaks
  4 hungry ghosts
  A chaos spawn (Orc:2)
  A swamp worm (Lair:3)
  A warg (Orc:1)
  25 soldier ants
  19 water moccasins
  12 porcupines
  47 orc warriors
  3 sky beasts
  An ice beast (D:9)
  Duvessa (D:7)
  2 phantoms
  3 ogres
  5 black bears
  15 wolves
  10 crocodiles
  8 centaurs
  21 bullfrogs
  A scorpion (D:10)
  Dowan (D:7)
  45 killer bees
  4 howler monkeys
  4 wights (D:8)
  An electric eel (Lair:1)
  A bullfrog zombie (D:8)
  A crimson imp (D:7)
  4 centaur zombies (Ossuary)
  11 hounds
  6 jellies
  A quasit (Temple)
  2 bullfrog skeletons
  25 orc priests
  24 orc wizards
  Crazy Yiuf (D:5)
  Jessica (D:2)
  3 iguanas
  32 worker ants
  An ogre zombie (Ossuary)
  A hound skeleton (D:9)
  7 mummies (Ossuary)
  2 worker ant zombies
  7 adders
  2 shadow imps
  5 oozes
  4 adder zombies
  4 adder skeletons
  A worm (D:4)
  6 leopard geckos
  97 orcs
  A bat (D:3)
  4 giant cockroaches
  2 gnoll zombies (D:7)
  2 goblins
  9 hobgoblins
  7 jackals
  11 kobolds
  3 quokkas
  A ball python (D:3)
  3 frilled lizards
  3 goblin zombies (Ossuary)
  7 hobgoblin zombies (Ossuary)
  A jackal skeleton (D:4)
  3 kobold zombies (Ossuary)
  7 quokka zombies (Ossuary)
  8 rats
  3 rat zombies (Ossuary)
  A butterfly (Lair:3)
  6 fungi
  9 plants
731 creatures vanquished.

Vanquished Creatures (others)
  An orc (Orc:2)
  20 fungi
  33 plants
54 creatures vanquished.

Grand Total: 785 creatures vanquished

Notes
Turn   | Place    | Note
-------+----------+-------------------------------------------
     0 | D:1      | galech the Demonspawn Fighter began the quest for the Orb.
     0 | D:1      | Reached XP level 1. HP: 18/18 MP: 1/1
   117 | D:1      | Gained mutation: Your movements are slightly less
                  | encumbered by armour. (ER -2) [demonic ancestry]
   117 | D:1      | Reached XP level 2. HP: 22/24 MP: 2/2
  1122 | D:2      | Reached skill level 2 in Axes
  1265 | D:2      | Gained mutation: Your flesh is cold resistant. (rC+)
                  | [demonic ancestry]
  1265 | D:2      | Reached XP level 3. HP: 26/29 MP: 3/3
  1521 | D:3      | Noticed Jessica
  1538 | D:2      | Killed Jessica
  1844 | D:3      | Reached XP level 4. HP: 35/35 MP: 4/4
  2034 | D:3      | Noticed Sigmund
  2064 | D:3      | Killed Sigmund
  2064 | D:3      | Reached skill level 3 in Axes
  2064 | D:3      | Gained mutation: Your movements are less encumbered by
                  | armour. (ER -4) [demonic ancestry]
  2064 | D:3      | Reached XP level 5. HP: 18/42 MP: 5/5
  2533 | D:4      | Found Verruv's General Store.
  2574 | D:4      | Reached skill level 1 in Dodging
  2574 | D:4      | Reached XP level 6. HP: 48/48 MP: 6/6
  2622 | D:4      | Found a sand-covered staircase.
  2633 | Ossuary  | Entered an ossuary
  2640 | Ossuary  | Reached skill level 4 in Axes
  3105 | Ossuary  | Gained mutation: You have a pair of small antennae on your
                  | head. [demonic ancestry]
  3105 | Ossuary  | Reached XP level 7. HP: 54/54 MP: 7/7
  3191 | Ossuary  | Reached skill level 5 in Axes
  3571 | D:4      | Found a snail-covered altar of Cheibriados.
  3584 | D:5      | Entered Level 5 of the Dungeon
  3909 | D:5      | Reached skill level 6 in Axes
  4033 | D:5      | Found a runed translucent door.
  4034 | D:5      | Noticed Crazy Yiuf
  4174 | D:5      | Reached XP level 8. HP: 40/61 MP: 8/8
  4179 | D:5      | HP: 3/61 [acid (6)]
  5000 | D:5      | Killed Crazy Yiuf
  5055 | D:6      | HP: 3/61 [sky beast (6)]
  5534 | D:6      | Reached skill level 7 in Axes
  5542 | D:6      | Noticed Prince Ribbit
  5668 | D:6      | Killed Prince Ribbit
  5668 | D:6      | Reached skill level 5 in Shields
  5937 | D:6      | Found a glowing golden altar of the Shining One.
  5939 | D:6      | Found a stormy altar of Qazlal.
  6133 | D:6      | Got a slimy hand axe
  6134 | D:6      | Identified the cursed +3 hand axe of Division {flame, rF+
                  | rN+ MR++ SInv} (You found it on level 6 of the Dungeon)
  6588 | D:7      | Noticed Duvessa
  6588 | D:7      | Noticed Dowan
  6600 | D:7      | Killed Dowan
  6605 | D:7      | Killed Duvessa
  6605 | D:7      | Reached skill level 5 in Fighting
  6613 | D:7      | Found a basalt altar of Yredelemnul.
  6655 | D:7      | Found a staircase to the Ecumenical Temple.
  6669 | Temple   | Entered the Ecumenical Temple
  6738 | D:7      | Reached XP level 9. HP: 53/68 MP: 9/9
  6994 | Temple   | Reached skill level 5 in Armour
  7072 | D:7      | Reached skill level 8 in Axes
  7176 | D:7      | Got a dazzling halberd
  7340 | D:7      | Found a hazy altar of Hepliaklqana.
  8569 | D:8      | Found a snail-covered altar of Cheibriados.
  8755 | D:8      | Reached skill level 9 in Axes
  8755 | D:8      | Gained mutation: You are immune to freezing clouds.
                  | [demonic ancestry]
  8755 | D:8      | Reached XP level 10. HP: 71/74 MP: 10/10
  8956 | D:10     | Entered Level 10 of the Dungeon
  8956 | D:10     | Noticed Harold
  8986 | D:9      | HP: 1/74 [Harold/+0 scimitar (9)]
  9531 | D:9      | Found a staircase to the Lair.
  9919 | D:9      | Reached skill level 1 in Stealth
  9975 | D:9      | Noticed a cyclops
  9990 | D:9      | Killed a cyclops
 10422 | D:9      | Noticed Erolcha
 10436 | D:9      | Killed Erolcha
 10436 | D:9      | Reached skill level 10 in Axes
 10571 | D:9      | Noticed Maurice
 10595 | D:9      | Killed Maurice
 10719 | D:9      | Gained mutation: Your movements are significantly less
                  | encumbered by armour. (ER -6) [demonic ancestry]
 10719 | D:9      | Reached XP level 11. HP: 80/83 MP: 11/11
 11202 | D:9      | Found a deep blue altar of Sif Muna.
 11202 | D:9      | Found a sacrificial altar of Ru.
 11207 | D:9      | Found a faded altar of an unknown god.
 11209 | D:9      | Found a burning altar of Makhleb.
 11210 | D:9      | Found an iron altar of Okawaru.
 11486 | D:9      | Became a worshipper of Warmaster Okawaru
 11938 | D:10     | Reached * piety under Okawaru
 12373 | D:10     | Noticed an oklob plant
 12375 | D:10     | Paralysed by a floating eye for 3 turns
 12388 | D:10     | Noticed an unseen horror
 12393 | D:10     | Paralysed by a floating eye for 3 turns
 12401 | D:10     | Paralysed by a floating eye for 2 turns
 12442 | D:10     | Noticed an oklob plant
 12529 | D:10     | Killed an unseen horror
 12714 | D:10     | Found a staircase to the Orcish Mines.
 12961 | D:9      | Killed Harold
 12961 | D:9      | Reached ** piety under Okawaru
 13054 | Lair:1   | Entered Level 1 of the Lair of Beasts
 13075 | Lair:1   | Reached skill level 11 in Axes
 13382 | Lair:1   | Reached *** piety under Okawaru
 14101 | Lair:1   | Noticed an oklob plant
 14108 | Lair:1   | Noticed an oklob plant
 14483 | Lair:1   | Killed an oklob plant
 14511 | Lair:1   | Killed an oklob plant
 14517 | Lair:1   | Got a smoking hand axe
 14592 | Lair:1   | Noticed a death yak
 14649 | Lair:1   | Noticed a death yak
 14650 | Lair:1   | Noticed a death yak
 14650 | Lair:1   | Noticed a death yak
 14661 | Lair:1   | Noticed a death yak
 15461 | Orc:1    | Entered Level 1 of the Orcish Mines
 15484 | Orc:1    | Gained mutation: You have a pair of antennae on your head.
                  | [demonic ancestry]
 15484 | Orc:1    | Reached XP level 12. HP: 91/92 MP: 12/12
 15496 | Orc:1    | Noticed a two-headed ogre
 15511 | Orc:1    | Killed a two-headed ogre
 15538 | Orc:1    | Reached **** piety under Okawaru
 15661 | Orc:1    | Found a flagged portal.
 15704 | Bailey   | Entered a bailey
 16174 | Bailey   | Got a shimmering sapphire amulet
 16175 | Bailey   | Identified the amulet of Cadd {Faith Int+4} (You found it
                  | in a bailey)
 17258 | Orc:2    | Entered Level 2 of the Orcish Mines
 17334 | Orc:2    | Noticed an orc high priest
 18072 | Orc:2    | Killed an orc high priest
 18589 | Orc:2    | Reached ***** piety under Okawaru
 18716 | Orc:2    | Found a staircase to the Elven Halls.
 18795 | Orc:2    | Reached skill level 12 in Axes
 19289 | Orc:2    | Reached skill level 5 in Dodging
 19387 | Orc:2    | Found Zov Coi's General Store.
 19443 | Orc:2    | Reached skill level 1 in Invocations
 19784 | Orc:2    | Found Newurext's General Store.
 20199 | Orc:2    | Noticed Nessos
 21006 | Orc:1    | Killed Nessos
 21006 | Orc:1    | Reached skill level 10 in Shields
 21994 | Orc:2    | Noticed an orc high priest
 22007 | Orc:2    | Killed an orc high priest
 22212 | Orc:1    | Gained mutation: You have a pair of large antennae on your
                  | head. (SInv) [demonic ancestry]
 22212 | Orc:1    | Reached XP level 13. HP: 26/100 MP: 11/14
 23053 | Orc:2    | Found Sokagucs's Gadget Shoppe.
 23053 | Orc:2    | Found Ysaiq's Antique Armour Emporium.
 23053 | Orc:2    | Found a one-way gate leading to the halls of Pandemonium.
 23667 | Orc:2    | Received a gift from Okawaru
 24331 | Orc:2    | Reached skill level 13 in Axes
 25420 | D:11     | Got a distressingly furry ring mail
 25431 | D:11     | Identified the +8 ring mail "Omy Secuot" {rC+ Str+5 Dex-3}
                  | (You found it on level 11 of the Dungeon)
 27580 | Lair:1   | You are sucked into a shaft!
 28072 | Lair:2   | Identified the cursed +1 hand axe of the Fox {vamp, rElec}
                  | (You found it on level 1 of the Lair of Beasts)
 28864 | Lair:3   | Found a staircase to the Swamp.
 29416 | Lair:3   | Got a sparkling jade ring
 29421 | Lair:3   | You are sucked into a shaft for 2 floors!
 29509 | Lair:3   | Found a staircase to the Snake Pit.
 29850 | Lair:4   | Reached skill level 10 in Fighting
 30078 | Lair:4   | Reached XP level 14. HP: 80/110 MP: 16/16
 31545 | Lair:4   | Identified the ring "Gifijy" {+Fly MR- Int+5 SInv} (You
                  | found it on level 3 of the Lair of Beasts)
 31661 | Lair:4   | Identified a scroll of acquirement
 31816 | Lair:5   | Identified Sif Muna's Handbook of the Shifting Rocks
 32269 | Lair:5   | You are sucked into a shaft!
 32269 | Lair:6   | Entered Level 6 of the Lair of Beasts
 32623 | Lair:6   | Received a gift from Okawaru
 32819 | Lair:6   | Noticed an entropy weaver
 32845 | Lair:6   | Killed an entropy weaver
 32880 | Lair:6   | Received a gift from Okawaru
 32880 | Lair:6   | Reached skill level 14 in Axes
 33533 | Lair:6   | Noticed an entropy weaver
 33559 | Lair:6   | Killed an entropy weaver
 33559 | Lair:6   | Received a gift from Okawaru
 34410 | Lair:6   | Received a gift from Okawaru
 34437 | Lair:6   | Found a runed translucent door.
 34437 | Lair:6   | Found a viscous altar of Jiyva.
 34437 | Lair:6   | Found a staircase to the Slime Pits.
 35479 | Lair:5   | Killed from afar by a meliai

Levels and vault maps discovered:
D:1:      lightli_arrival_statue_moat, layout_basic, patterned_corridor
D:2:      layout_basic
D:3:      layout_loops_cross, first_ration, uniq_sigmund, uniq_jessica
D:4:      layout_basic, cheibriados_altar_1, serial_shops, shop,
          nicolae_ossuary_entry_ruins
D:5:      layout_basic, minmay_misc_feat_alley, uniq_crazy_yiuf_cottage
D:6:      layout_loops_ring, chequers_temple_overflow_statue_of_worship,
          serial_bayou_lagoon_a, hangedman_decor_lopped, uniq_prince_ribbit1
D:7:      layout_cave_pools, kennysheep_mini_moat,
          lemuel_zombie_altar_yredelemnul, minmay_temple_entry_sparse_star,
          skrybe_limestone_x, uniq_duvessa
D:8:      layout_loops_ring, basic_altar, the_bakery
D:9:      minmay_diamond_stairs, layout_stronghold,
          chequers_temple_overflow_minitemple, due_lair_maze_entry_diamond,
          kennysheep_cross_bottleneck, uniq_erolcha, uniq_maurice
D:10:     layout_rooms, orc_0_dummy, hangedman_abyss_or_decor_passed,
          disabler_island, uniq_harold
D:11:     layout_stronghold, hive_lemuel
D:12:     layout_loops_corners, special_room [special_room_orc]
D:13:     layout_basic, david_vaults_1, grunt_ministairs_2
Temple:   cyrus_circular_temple
Lair:1:   layout_hall_layers, serial_bayou_pond_e, minmay_lair_oklob_chamber,
          grunt_megastairs_1, infiniplex_staircase_pool
Lair:2:   layout_long_grid, nicolae_lair_grove_arrangements, lemuel_fruit_fields
Lair:3:   layout_long_grid, minmay_swamp_entry_worms, lemuel_fruit_fields
Lair:4:   layout_roguey, nicolae_lair_yak_garden, grunt_megastairs_5
Lair:5:   regret_index_combs_of_tragedy, layout_cave_pods, st_stairs_11,
          lemuel_fruit_tree, grunt_megastairs_2
Lair:6:   gammafunk_lair_ancient_temple, layout_misc_corridors, slime_altar_2,
          zaba_anthell, serial_bayou_shore_a
Orc:1:    layout_diamond_mine, enter_bailey_2
Orc:2:    pf_orc_diabolical, layout_diamond_mine, uniq_nessos
Ossuary:  ossuary_boxes_badplayer
Bailey:   bailey_polearm_2, bailey

Skill      XL: |  1  2  3  4  5  6  7  8  9 10 11 12 13 14 |
---------------+-------------------------------------------+-----
Shields        | 3 4 5 6 7 8 10 11 12 | 12.4
Armour         | 3 4 6 7 8 9 |  9.3
Axes           | 2 3 4 6 7 9 10 11 12 13 14 | 14.2
Dodging        | 1 2 3 4 5 6 8 |  8.2
Fighting       | 4 5 6 7 8 10 | 10.9
Stealth        | 1 2 3 4 |  4.0
Invocations    | 1 2 3 |  3.7

Action                   |  1- 3 |  4- 6 |  7- 9 | 10-12 | 13-15 || total
-------------------------+-------+-------+-------+-------+-------++-------
Melee: War axe           |   134 |   211 |   301 |       |       ||   646
       Hand axe          |       |       |   382 |  1725 |  1807 ||  3914
Invok: Heroism           |       |       |       |    20 |    31 ||    51
       Finesse           |       |       |       |     1 |     4 ||     5
  Use: Potion            |       |     1 |     2 |     8 |     1 ||    12
       Scroll            |       |     7 |     3 |    13 |    15 ||    38
 Stab: Sleeping          |       |       |       |       |    10 ||    10
       Distracted        |       |       |       |       |     1 ||     1
       Petrified         |       |       |       |       |     6 ||     6
       Petrifying        |       |       |       |       |     1 ||     1
  Eat: Chunk             |     3 |     4 |    17 |    39 |    39 ||   102
       Ration            |       |       |     1 |     2 |     2 ||     5
Armor: Scale mail        |    29 |       |       |       |       ||    29
       Plate armour      |    50 |    91 |   357 |   491 |    23 ||  1012
       Chain mail        |       |       |       |       |    63 ||    63
       Ring mail         |       |       |       |       |   277 ||   277
Dodge: Dodged            |    35 |    68 |   268 |   604 |   722 ||  1697
Block: Shield            |    81 |    82 |   328 |   860 |   863 ||  2214

Table legend:
 A = Non-vault XP
 B = Vault XP
 C = Vault XP percentage of total XP
 D = Non-vault monster count
 E = Vault monster count
 F = Vault count percentage of total count
                 A         B        C        D         E       F
            +---------+---------+-------+---------+---------+-------
      Total |   48286 |   53764 |  52.7 |     421 |     295 |  41.2
            +---------+---------+-------+---------+---------+-------
        D:1 |      34 |       0 |   0.0 |      19 |       0 |   0.0
        D:2 |      20 |      37 |  64.9 |      11 |       1 |   8.3
        D:3 |      54 |     223 |  80.5 |      18 |       1 |   5.3
        D:4 |     292 |       0 |   0.0 |      18 |       0 |   0.0
        D:5 |     543 |      39 |   6.7 |      22 |       1 |   4.3
        D:6 |     621 |     264 |  29.8 |       9 |       1 |  10.0
        D:7 |     752 |     199 |  20.9 |      14 |       4 |  22.2
        D:8 |    1627 |     348 |  17.6 |      36 |       2 |   5.3
        D:9 |    3366 |    4563 |  57.5 |      45 |      17 |  27.4
       D:10 |    2815 |       0 |   0.0 |      20 |       0 |   0.0
       D:11 |    4476 |       0 |   0.0 |      27 |       0 |   0.0
       D:12 |    1636 |    1153 |  41.3 |      13 |      20 |  60.6
       D:13 |     174 |       0 |   0.0 |       1 |       0 |   0.0
     Temple |     396 |       0 |   0.0 |       7 |       0 |   0.0
     Lair:1 |    5442 |    1538 |  22.0 |      24 |       5 |  17.2
     Lair:2 |    2392 |       0 |   0.0 |      12 |       0 |   0.0
     Lair:3 |    2168 |     442 |  16.9 |      13 |       2 |  13.3
     Lair:4 |    4448 |    3586 |  44.6 |      21 |       7 |  25.0
     Lair:5 |    1564 |    6087 |  79.6 |       8 |      35 |  81.4
     Lair:6 |    7986 |   16022 |  66.7 |      28 |      75 |  72.8
      Orc:1 |    2610 |    1974 |  43.1 |      29 |       2 |   6.5
      Orc:2 |    4870 |   14664 |  75.1 |      26 |      59 |  69.4
    Ossuary |       0 |     359 | 100.0 |       0 |      37 | 100.0
     Bailey |       0 |    2266 | 100.0 |       0 |      26 | 100.0
            +---------+---------+-------+---------+---------+-------
